EDMONTON Oilers vs TAMPA BAY Lightning

Created - 20 février 2024 at 18:11

Goals
1 2 3 OT1 T
EDMONTON Oilers 2 0 0 1 3
TAMPA BAY Lightning 1 0 1 0 2
Shots
1 2 3 OT1 T
EDMONTON Oilers 10 9 10 1 30
TAMPA BAY Lightning 9 7 6 0 22

1st period

1. TAMPA BAY Lightning , Timothy Liljegren 6 (Josh Mahura 5, Scott Laughton 12) at 1:59 (PP)
2. EDMONTON Oilers , Moritz Seider 2 (Alexander Romanov 4, Alex Wennberg 10) at 10:25 (PP)
3. EDMONTON Oilers , Kyle Palmieri 6 (Alex Wennberg 11, T.J. Oshie 2) at 15:28

Penalties :
Michal Kempny (EDM) for Tripping (Minor) at 1:04, Josh Mahura (TBL) for Cross-checking (Minor) at 9:32, Owen Tippett (EDM) for Roughing (Minor) at 15:49, Scott Laughton (TBL) for Holding (Minor) at 19:48

2nd period

No Goal

Penalties :
Erik Gudbranson (TBL) for Slashing (Minor) at 4:10, Robert Hagg (TBL) for Holding (Minor) at 19:06

3rd period

4. TAMPA BAY Lightning , Eeli Tolvanen 7 (Mikael Backlund 9) at 8:32

Penalties :
Nikita Zaitsev (EDM) for Holding (Minor) at 2:55, Josh Mahura (TBL) for Interference (Minor) at 9:24, Owen Tippett (EDM) for Tripping (Minor) at 9:24, Tyson Jost (TBL) for Slashing (Minor) at 11:45, Josh Mahura (TBL) for Cross-checking (Minor) at 17:30

Overtime #1

5. EDMONTON Oilers , Alex Wennberg 4 (Michal Kempny 4) at 0:03

Penalties :
No Penalty

Goalie Stats

Adin Hill (EDM), 20 saves from 22 shots - (0,909), W, 4-11-1, 60:04 minutes
Calvin Petersen (TBL), 27 saves from 30 shots - (0,900), OTL, 2-1-2, 60:04 minutes

Players Stats for EDMONTON Oilers

Player Name              G  A  P  +/- PIM S  H  SB GA TA FO     MP     PP MP  PK MP  
------------------------------------------------------------------------------------
Alex Wennberg            1  2  3   2  0   4  0  0  0  0  10/18  22:23   6:43   3:44 
Alexander Romanov        0  1  1  -1  0   1  1  0  0  0  0/0    25:34   6:43   3:14 
Denis Gurianov           0  0  0   0  0   0  0  1  0  0  0/0    11:17   0:00   0:19 
Drake Batherson          0  0  0   0  0   5  1  0  0  0  0/4    17:34   4:05   0:00 
Dylan Cozens             0  0  0   0  0   4  2  0  0  0  6/12   20:13   6:43   0:50 
Kent Johnson             0  0  0   0  0   2  0  0  0  0  1/8    14:18   4:05   0:00 
Kyle Palmieri            1  0  1   1  0   2  1  0  0  0  0/4    15:33   4:05   0:50 
Leo Komarov              0  0  0   0  0   0  0  0  0  0  3/8     9:34   0:00   0:41 
Michal Kempny            0  1  1   2  2   1  1  1  0  0  0/0    14:49   0:00   0:53 
Milan Lucic              0  0  0  -1  0   1  1  0  0  0  0/2     8:49   0:00   0:00 
Moritz Seider            1  0  1  -1  0   2  1  1  0  0  0/0    25:34   6:43   3:14 
Nico Sturm               0  0  0   0  0   0  0  0  0  0  5/10   10:13   0:00   0:00 
Nicolas Aube-Kubel       0  0  0  -1  0   1  0  0  0  0  0/0     8:49   0:00   0:00 
Nikita Zaitsev           0  0  0   0  2   1  1  2  0  0  0/0    19:39   4:05   0:46 
Owen Tippett             0  0  0   0  4   2  1  0  0  0  3/7    21:49   6:43   2:28 
T.J. Oshie               0  1  1   1  0   1  2  0  0  0  2/3    12:42   0:00   0:54 
Tucker Poolman           0  0  0   0  0   3  0  1  0  0  0/0    18:54   4:05   0:00 
Will Butcher             0  0  0   1  0   0  0  1  0  0  0/0    15:32   0:00   1:39 

Players Stats for TAMPA BAY Lightning

Player Name              G  A  P  +/- PIM S  H  SB GA TA FO     MP     PP MP  PK MP  
------------------------------------------------------------------------------------
Anders Lee               0  0  0   0  0   1  2  0  0  0  0/1    15:52   2:28   0:00 
Brock McGinn             0  0  0  -1  0   1  0  0  0  0  1/1    17:07   0:00   6:55 
Chad Ruhwedel            0  0  0   1  0   0  2  1  0  0  0/0    19:53   0:00   5:20 
Christian Fischer        0  0  0   0  0   1  0  0  0  0  2/2    12:08   0:00   2:16 
Dylan DeMelo             0  0  0  -2  0   4  4  1  0  0  0/0    25:22   2:28   5:43 
Eeli Tolvanen            1  0  1   1  0   2  0  0  0  0  2/2    16:23   2:28   0:00 
Erik Gudbranson          0  0  0   1  2   1  2  1  0  0  0/0    22:00   2:28   4:50 
Josh Mahura              0  1  1   0  6   0  1  1  0  0  0/0    16:03   2:25   1:15 
Mason Marchment          0  0  0  -1  0   0  1  0  0  0  1/1    13:19   2:25   0:00 
Michael McCarron         0  0  0   0  0   2  1  0  0  0  2/4     9:38   0:00   0:00 
Mikael Backlund          0  1  1   1  0   2  3  0  0  0  22/41  24:25   2:28   8:02 
Nick Ritchie             0  0  0   0  0   1  0  0  0  0  0/0     9:52   0:00   0:00 
Nicolas Deslauriers      0  0  0   0  0   1  0  0  0  0  0/0     9:38   0:00   0:00 
Robert Hagg              0  0  0   0  2   0  2  1  0  0  0/0    12:38   0:00   0:00 
Ryan Reaves              0  0  0   0  0   0  1  0  0  0  0/0     9:38   0:00   0:00 
Scott Laughton           0  1  1  -2  2   4  1  0  0  0  8/11   14:49   2:25   2:09 
Timothy Liljegren        1  0  1  -1  0   2  7  1  0  0  0/0    24:03   2:25   4:28 
Tyson Jost               0  0  0   0  2   0  0  1  0  0  8/13   14:30   2:25   2:14 

3 Stars

1 - Alex Wennberg (EDM)
2 - Timothy Liljegren (TBL)
3 - Kyle Palmieri (EDM)

Power Play

EDMONTON Oilers - 1 on 6 Attempt(s) - 16,67%
TAMPA BAY Lightning - 1 on 3 Attempt(s) - 33,33%

Penalty Kill

EDMONTON Oilers - 2 on 3 Attempt(s) - 66,67% - Score 0 goal in Penalty Kill
TAMPA BAY Lightning - 5 on 6 Attempt(s) - 83,33% - Score 0 goal in Penalty Kill

Team Stat

EDMONTON Oilers - Hits : 12 - Faceoff Wins : 30 - Blocked Shots : 7 - Penalty Minutes : 8
TAMPA BAY Lightning - Hits : 27 - Faceoff Wins : 46 - Blocked Shots : 7 - Penalty Minutes : 14

Official

Referees : Edward Grudzinski and Mitch Dunning
Linesman : Jackie Spresser and Devin Berg

Game Notes

No Game Note

Finance

Level 1 -- Attendance: 5252 (75,03%) -- Ticket Income $525,200
Level 2 -- Attendance: 3817 (68,16%) -- Ticket Income $229,020
Level 3 -- Attendance: 1891 (93,02%) -- Ticket Income $66,185
Level 4 -- Attendance: 4001 (100,00%) -- Ticket Income $80,020
Luxury Box -- Attendance: 879 (86,94%) -- Ticket Income $175,800
Game was played at the Amalie Arena.
Total Attendance: 15840 (80,63%)
Total Ticket Income: $1,076,225
Other Income: $269,056
Total Income: $1,345,281

EDMONTON Oilers

5 vs 5 Forward 
   Center                   Left Wing                Right Wing               Time % Phy DF OF 
 1 Dylan Cozens             Owen Tippett             Drake Batherson          35     1   1  3  
 2 Alex Wennberg            Kyle Palmieri            T.J. Oshie               28     1   1  3  
 3 Nico Sturm               Kent Johnson             Denis Gurianov           20     1   2  2  
 4 Leo Komarov              Milan Lucic              Nicolas Aube-Kubel       17     5   0  0  

5 vs 5 Defense 
   Defense                  Defense                                           Time % Phy DF OF 
 1 Moritz Seider            Alexander Romanov                                 46     1   2  2  
 2 Nikita Zaitsev           Tucker Poolman                                    34     1   2  2  
 3 Will Butcher             Michal Kempny                                     20     1   2  2  
 4 Moritz Seider            Alexander Romanov                                 0      1   2  2  

PowerPlay Forward 
   Center                   Left Wing                Right Wing               Time % Phy DF OF 
 1 Alex Wennberg            Dylan Cozens             Owen Tippett             60     1   2  2  
 2 Kent Johnson             Kyle Palmieri            Drake Batherson          40     1   2  2  

PowerPlay Defense
   Defense                  Defense                                           Time % Phy DF OF 
 1 Moritz Seider            Alexander Romanov                                 60     1   2  2  
 2 Nikita Zaitsev           Tucker Poolman                                    40     1   2  2  

Penalty Kill 4 Players Forward 
   Center                   Wing                     Time % Phy DF OF 
 1 Owen Tippett             Alex Wennberg            60     1   2  2  
 2 Dylan Cozens             Kyle Palmieri            40     1   2  2  

Penalty Kill 4 Players Defense
   Defense                  Defense                  Time % Phy DF OF 
 1 Moritz Seider            Alexander Romanov        60     1   2  2  
 2 Nikita Zaitsev           Will Butcher             40     1   2  2  

Penalty Kill - 3 Players Forward 
   Forward                                           Time % Phy DF OF 
 1 Owen Tippett                                      60     1   2  2  
 2 Alex Wennberg                                     40     1   2  2  

Penalty Kill - 3 Players Defense
   Defense                  Defense                  Time % Phy DF OF 
 1 Moritz Seider            Alexander Romanov        60     1   2  2  
 2 Nikita Zaitsev           Will Butcher             40     1   2  2  

4 vs 4 Forward 
   Center                   Wing                     Time % Phy DF OF 
 1 Owen Tippett             Alex Wennberg            60     1   2  2  
 2 Dylan Cozens             Kyle Palmieri            40     1   2  2  

4 vs 4 Defense
   Defense                  Defense                  Time % Phy DF OF 
 1 Moritz Seider            Alexander Romanov        60     1   2  2  
 2 Nikita Zaitsev           Tucker Poolman           40     1   2  2  

Last Minutes Offensive
   Center                   Left Wing                Right Wing               Defense                  Defense                  
   Alex Wennberg            Dylan Cozens             Owen Tippett             Moritz Seider            Alexander Romanov        

Last Minutes Defensive
   Center                   Left Wing                Right Wing               Defense                  Defense                  
   Alex Wennberg            Dylan Cozens             Owen Tippett             Moritz Seider            Alexander Romanov        

Goaltenders
Starting : Adin Hill                
Backup : Mikko Koskinen           

Extra Forwards
Normal : Alex Wennberg, Drake Batherson, T.J. Oshie - PP : Dylan Cozens, Kent Johnson - PK : T.J. Oshie
Extra Defensemen
Normal : Tucker Poolman, Will Butcher, Nikita Zaitsev - PP : Tucker Poolman - PK : Will Butcher, Nikita Zaitsev
Penalty Shots
Owen Tippett, Alex Wennberg, Dylan Cozens, Kyle Palmieri, Drake Batherson

Scratches
James Neal (Healthy)

TAMPA BAY Lightning

5 vs 5 Forward 
   Center                   Left Wing                Right Wing               Time % Phy DF OF 
 1 Mikael Backlund          Anders Lee               Eeli Tolvanen            40     1   2  2  
 2 Scott Laughton           Mason Marchment          Brock McGinn             30     1   2  2  
 3 Tyson Jost               Nick Ritchie             Christian Fischer        20     1   2  2  
 4 Michael McCarron         Nicolas Deslauriers      Ryan Reaves              10     3   1  1  

5 vs 5 Defense 
   Defense                  Defense                                           Time % Phy DF OF 
 1 Dylan DeMelo             Timothy Liljegren                                 40     1   2  2  
 2 Erik Gudbranson          Chad Ruhwedel                                     30     1   2  2  
 3 Josh Mahura              Robert Hagg                                       20     1   2  2  
 4 Dylan DeMelo             Timothy Liljegren                                 10     1   2  2  

PowerPlay Forward 
   Center                   Left Wing                Right Wing               Time % Phy DF OF 
 1 Mikael Backlund          Anders Lee               Eeli Tolvanen            60     1   2  2  
 2 Tyson Jost               Scott Laughton           Mason Marchment          40     1   2  2  

PowerPlay Defense
   Defense                  Defense                                           Time % Phy DF OF 
 1 Dylan DeMelo             Erik Gudbranson                                   60     1   2  2  
 2 Timothy Liljegren        Josh Mahura                                       40     1   2  2  

Penalty Kill 4 Players Forward 
   Center                   Wing                     Time % Phy DF OF 
 1 Mikael Backlund          Brock McGinn             60     1   2  2  
 2 Scott Laughton           Tyson Jost               40     1   2  2  

Penalty Kill 4 Players Defense
   Defense                  Defense                  Time % Phy DF OF 
 1 Dylan DeMelo             Erik Gudbranson          60     1   2  2  
 2 Timothy Liljegren        Chad Ruhwedel            40     1   2  2  

Penalty Kill - 3 Players Forward 
   Forward                                           Time % Phy DF OF 
 1 Mikael Backlund                                   60     1   2  2  
 2 Scott Laughton                                    40     1   2  2  

Penalty Kill - 3 Players Defense
   Defense                  Defense                  Time % Phy DF OF 
 1 Dylan DeMelo             Erik Gudbranson          60     1   2  2  
 2 Timothy Liljegren        Chad Ruhwedel            40     1   2  2  

4 vs 4 Forward 
   Center                   Wing                     Time % Phy DF OF 
 1 Mikael Backlund          Eeli Tolvanen            60     1   2  2  
 2 Anders Lee               Mason Marchment          40     1   2  2  

4 vs 4 Defense
   Defense                  Defense                  Time % Phy DF OF 
 1 Dylan DeMelo             Erik Gudbranson          60     1   2  2  
 2 Timothy Liljegren        Chad Ruhwedel            40     1   2  2  

Last Minutes Offensive
   Center                   Left Wing                Right Wing               Defense                  Defense                  
   Mikael Backlund          Anders Lee               Eeli Tolvanen            Dylan DeMelo             Timothy Liljegren        

Last Minutes Defensive
   Center                   Left Wing                Right Wing               Defense                  Defense                  
   Mikael Backlund          Scott Laughton           Brock McGinn             Dylan DeMelo             Erik Gudbranson          

Goaltenders
Starting : Calvin Petersen          
Backup : Karel Vejmelka           

Extra Forwards
Normal : Christian Fischer, Brock McGinn, Nick Ritchie - PP : Christian Fischer, Brock McGinn - PK : Christian Fischer
Extra Defensemen
Normal : Chad Ruhwedel, Josh Mahura, Robert Hagg - PP : Chad Ruhwedel - PK : Chad Ruhwedel, Josh Mahura
Penalty Shots
Mikael Backlund, Anders Lee, Scott Laughton, Eeli Tolvanen, Mason Marchment

Scratches
Philippe Myers (Healthy), Sammy Blais (Healthy), Robin Lehner (Healthy)

% Time on Ice - EDMONTON Oilers

Lines # - Real PCT - Wanted PCT - Time Play
Normal Forward
1 - 30% - 35% - 12:40
2 - 25% - 28% - 10:38
3 - 24% - 20% - 10:13
4 - 21% - 17% - 8:49
Normal Defense
1 - 35% - 46% - 14:48
2 - 32% - 34% - 13:39
3 - 33% - 20% - 13:53
4 - 0% - 0% - 0:00
PP Forward
1 - 62% - 60% - 6:43
2 - 38% - 40% - 4:05
PP Defense
1 - 62% - 60% - 6:43
2 - 38% - 40% - 4:05
PK Forward
1 - 83% - 60% - 4:03
2 - 17% - 40% - 0:50
PK Defense
1 - 66% - 60% - 3:14
2 - 34% - 40% - 1:39
PK3 Forward
1 - 0% - 60%
2 - 0% - 40%
PK3 Defense
1 - 0% - 60%
2 - 0% - 40%
44 Forward
1 - 100% - 60% - 1:59
2 - 0% - 40% - 0:00
44 Defense
1 - 41% - 60% - 0:49
2 - 59% - 40% - 1:10
Last Minute Offensive  - 0:00
Last Minute Defensive  - 0:00
Total
Forward - 60:00
Defense - 60:00

% Time on Ice - TAMPA BAY Lightning

Lines # - Real PCT - Wanted PCT - Time Play
Normal Forward
1 - 30% - 40% - 12:38
2 - 24% - 30% - 10:12
3 - 23% - 20% - 9:52
4 - 23% - 10% - 9:38
Normal Defense
1 - 39% - 40% - 16:28
2 - 32% - 30% - 13:26
3 - 29% - 20% - 12:26
4 - 0% - 10% - 0:00
PP Forward
1 - 51% - 60% - 2:28
2 - 49% - 40% - 2:25
PP Defense
1 - 51% - 60% - 2:28
2 - 49% - 40% - 2:25
PK Forward
1 - 74% - 60% - 8:02
2 - 26% - 40% - 2:46
PK Defense
1 - 57% - 60% - 6:09
2 - 43% - 40% - 4:39
PK3 Forward
1 - 0% - 60%
2 - 0% - 40%
PK3 Defense
1 - 0% - 60%
2 - 0% - 40%
44 Forward
1 - 65% - 60% - 1:17
2 - 35% - 40% - 0:42
44 Defense
1 - 65% - 60% - 1:17
2 - 35% - 40% - 0:42
Last Minute Offensive  - 0:00
Last Minute Defensive  - 0:00
Total
Forward - 60:00
Defense - 60:00

Play-by-Play

1st period


0:01 of 1st period - Dylan Cozens wins face-off versus Mikael Backlund in neutral zone.
0:25 of 1st period - Shot by Owen Tippett.
0:25 of 1st period - Stopped by Calvin Petersen without a rebound.
0:26 of 1st period - Alex Wennberg wins face-off versus Scott Laughton in TAMPA BAY Lightning zone.
0:35 of 1st period - Shot by T.J. Oshie.
0:35 of 1st period - Shot Misses the Net.
0:37 of 1st period - Shot by Alex Wennberg.
0:37 of 1st period - Stopped by Calvin Petersen without a rebound.
0:38 of 1st period - Tyson Jost wins face-off versus Nico Sturm in TAMPA BAY Lightning zone.
1:03 of 1st period - Shot by Tyson Jost.
1:03 of 1st period - Shot Misses the Net.
1:04 of 1st period - Minor Penalty to Michal Kempny for Tripping.
1:05 of 1st period - Mikael Backlund wins face-off versus Alex Wennberg in EDMONTON Oilers zone.
1:06 of 1st period - Shot by Erik Gudbranson.
1:06 of 1st period - Stopped by Adin Hill without a rebound.
1:07 of 1st period - Owen Tippett wins face-off versus Mikael Backlund in EDMONTON Oilers zone.
1:13 of 1st period - Icing by Eeli Tolvanen.
1:14 of 1st period - Mikael Backlund wins face-off versus Owen Tippett in TAMPA BAY Lightning zone.
1:25 of 1st period - Shot by Dylan DeMelo.
1:25 of 1st period - Stopped by Adin Hill without a rebound.
1:26 of 1st period - Tyson Jost wins face-off versus Kyle Palmieri in EDMONTON Oilers zone.
1:57 of 1st period - Shot by Josh Mahura.
1:57 of 1st period - Shot Misses the Net.
1:59 of 1st period - Shot by Timothy Liljegren.
1:59 of 1st period - Goal by Timothy Liljegren - EDMONTON Oilers : 0 - TAMPA BAY Lightning : 1.
2:00 of 1st period - Eeli Tolvanen wins face-off versus Leo Komarov in neutral zone.
2:03 of 1st period - Shot by Anders Lee.
2:03 of 1st period - Deflect By Eeli Tolvanen.
2:03 of 1st period - Shot Blocked by Nikita Zaitsev.
2:27 of 1st period - Shot by Eeli Tolvanen.
2:27 of 1st period - Shot Misses the Net.
2:43 of 1st period - Shot by Mikael Backlund.
2:43 of 1st period - Stopped by Adin Hill without a rebound.
2:44 of 1st period - Scott Laughton wins face-off versus Alex Wennberg in EDMONTON Oilers zone.
2:59 of 1st period - Shot by Scott Laughton.
2:59 of 1st period - Stopped by Adin Hill with a rebound.
3:01 of 1st period - Shot by Mason Marchment.
3:01 of 1st period - Shot Blocked by Moritz Seider.
3:03 of 1st period - Shot by Mason Marchment.
3:03 of 1st period - Shot Misses the Net.
3:05 of 1st period - Shot by Mason Marchment.
3:05 of 1st period - Shot Misses the Net.
3:21 of 1st period - Shot by Scott Laughton.
3:21 of 1st period - Stopped by Adin Hill with a rebound.
3:23 of 1st period - Shot by Scott Laughton.
3:23 of 1st period - Shot Hit the Post.
3:43 of 1st period - Shot by Nicolas Deslauriers.
3:43 of 1st period - Shot Misses the Net.
3:45 of 1st period - Shot by Nicolas Deslauriers.
3:45 of 1st period - Shot Misses the Net.
4:30 of 1st period - Icing by Chad Ruhwedel.
4:31 of 1st period - Dylan Cozens wins face-off versus Mikael Backlund in TAMPA BAY Lightning zone.
5:00 of 1st period - Eeli Tolvanen is hit by Dylan Cozens and loses puck.
5:13 of 1st period - Shot by Dylan Cozens.
5:13 of 1st period - Stopped by Calvin Petersen with a rebound.
5:42 of 1st period - Denis Gurianov is hit by Dylan DeMelo and loses puck.
5:59 of 1st period - Icing by Dylan DeMelo.
6:00 of 1st period - Tyson Jost wins face-off versus Leo Komarov in TAMPA BAY Lightning zone.
6:00 of 1st period - Tyson Jost is hit by Milan Lucic.
6:47 of 1st period - Josh Mahura is hit by Drake Batherson and loses puck.
8:38 of 1st period - Kyle Palmieri is hit by Timothy Liljegren and loses puck.
8:51 of 1st period - Shot by Kyle Palmieri.
8:51 of 1st period - Shot Misses the Net.
8:53 of 1st period - Shot by Tucker Poolman.
8:53 of 1st period - Stopped by Calvin Petersen without a rebound.
8:54 of 1st period - Michael McCarron wins face-off versus Dylan Cozens in TAMPA BAY Lightning zone.
9:10 of 1st period - Drake Batherson is hit by Josh Mahura and loses puck.
9:31 of 1st period - Shot by Drake Batherson.
9:31 of 1st period - Shot Misses the Net.
9:32 of 1st period - Minor Penalty to Josh Mahura for Cross-checking.
9:33 of 1st period - Mikael Backlund wins face-off versus Kent Johnson in TAMPA BAY Lightning zone.
9:49 of 1st period - Shot by Kent Johnson.
9:49 of 1st period - Shot Blocked by Dylan DeMelo.
10:03 of 1st period - Shot by Drake Batherson.
10:03 of 1st period - Stopped by Calvin Petersen with a rebound.
10:25 of 1st period - Shot by Moritz Seider.
10:25 of 1st period - Goal by Moritz Seider - EDMONTON Oilers : 1 - TAMPA BAY Lightning : 1.
10:26 of 1st period - Leo Komarov wins face-off versus Tyson Jost in neutral zone.
10:29 of 1st period - Shot by Moritz Seider.
10:29 of 1st period - Stopped by Calvin Petersen with a rebound.
12:42 of 1st period - Shot by Anders Lee.
12:42 of 1st period - Stopped by Adin Hill without a rebound.
12:43 of 1st period - Brock McGinn wins face-off versus Dylan Cozens in EDMONTON Oilers zone.
12:46 of 1st period - Shot by Scott Laughton.
12:46 of 1st period - Stopped by Adin Hill without a rebound.
12:47 of 1st period - Scott Laughton wins face-off versus Dylan Cozens in EDMONTON Oilers zone.
12:54 of 1st period - Shot by Scott Laughton.
12:54 of 1st period - Shot Misses the Net.
13:22 of 1st period - Dylan Cozens is hit by Timothy Liljegren and loses puck.
14:01 of 1st period - Shot by Eeli Tolvanen.
14:01 of 1st period - Shot Misses the Net.
14:13 of 1st period - Shot by Eeli Tolvanen.
14:13 of 1st period - Shot Misses the Net.
15:01 of 1st period - Shot by Nicolas Aube-Kubel.
15:01 of 1st period - Stopped by Calvin Petersen without a rebound.
15:02 of 1st period - Scott Laughton wins face-off versus Alex Wennberg in TAMPA BAY Lightning zone.
15:02 of 1st period - Scott Laughton is hit by T.J. Oshie.
15:26 of 1st period - Shot by Kyle Palmieri.
15:26 of 1st period - Shot Misses the Net.
15:28 of 1st period - Shot by Kyle Palmieri.
15:28 of 1st period - Goal by Kyle Palmieri - EDMONTON Oilers : 2 - TAMPA BAY Lightning : 1.
15:29 of 1st period - Dylan Cozens wins face-off versus Mikael Backlund in neutral zone.
15:49 of 1st period - Minor Penalty to Owen Tippett for Roughing.
15:50 of 1st period - T.J. Oshie wins face-off versus Tyson Jost in EDMONTON Oilers zone.
16:09 of 1st period - Shot by Mason Marchment.
16:09 of 1st period - Shot Misses the Net.
16:11 of 1st period - Shot by Scott Laughton.
16:11 of 1st period - Shot Misses the Net.
16:13 of 1st period - Shot by Scott Laughton.
16:13 of 1st period - Shot Misses the Net.
16:53 of 1st period - Shot by Mikael Backlund.
16:53 of 1st period - Shot Misses the Net.
17:01 of 1st period - Shot by Eeli Tolvanen.
17:01 of 1st period - Stopped by Adin Hill without a rebound.
17:02 of 1st period - Leo Komarov wins face-off versus Mikael Backlund in EDMONTON Oilers zone.
17:19 of 1st period - Nikita Zaitsev is hit by Anders Lee.
18:19 of 1st period - Shot by Michael McCarron.
18:19 of 1st period - Deflect By Ryan Reaves.
18:19 of 1st period - Shot Misses the Net.
18:29 of 1st period - Dylan Cozens is hit by Ryan Reaves and loses puck.
18:41 of 1st period - Owen Tippett is hit by Timothy Liljegren and loses puck.
19:07 of 1st period - Nico Sturm is hit by Timothy Liljegren and loses puck.
19:32 of 1st period - Will Butcher is hit by Dylan DeMelo and loses puck.
19:48 of 1st period - Minor Penalty to Scott Laughton for Holding.
19:49 of 1st period - Alex Wennberg wins face-off versus Mikael Backlund in TAMPA BAY Lightning zone.
19:52 of 1st period - Shot by Dylan Cozens.
19:52 of 1st period - Stopped by Calvin Petersen without a rebound.
19:53 of 1st period - Mikael Backlund wins face-off versus Alex Wennberg in TAMPA BAY Lightning zone.
Goals for this period are 2 for EDMONTON Oilers vs 1 for TAMPA BAY Lightning.
Shots for this period are 10 for EDMONTON Oilers vs 9 for TAMPA BAY Lightning.

2nd period


0:01 of 2nd period - Alex Wennberg wins face-off versus Mikael Backlund in neutral zone.
0:38 of 2nd period - Off-side.
0:39 of 2nd period - Mikael Backlund wins face-off versus Kent Johnson in neutral zone.
0:49 of 2nd period - Off-side.
0:50 of 2nd period - Mikael Backlund wins face-off versus Kent Johnson in neutral zone.
1:06 of 2nd period - Drake Batherson is hit by Timothy Liljegren and loses puck.
1:15 of 2nd period - Shot by Drake Batherson.
1:15 of 2nd period - Shot Blocked by Chad Ruhwedel.
1:17 of 2nd period - Shot by Kyle Palmieri.
1:17 of 2nd period - Shot Blocked by Timothy Liljegren.
1:58 of 2nd period - Shot by Milan Lucic.
1:58 of 2nd period - Deflect By Nicolas Aube-Kubel.
1:58 of 2nd period - Shot Misses the Net.
2:16 of 2nd period - Shot by Ryan Reaves.
2:16 of 2nd period - Shot Misses the Net.
2:18 of 2nd period - Shot by Michael McCarron.
2:18 of 2nd period - Stopped by Adin Hill without a rebound.
2:19 of 2nd period - Tyson Jost wins face-off versus Drake Batherson in EDMONTON Oilers zone.
2:27 of 2nd period - Dylan Cozens is hit by Dylan DeMelo and loses puck.
2:36 of 2nd period - Shot by Dylan Cozens.
2:36 of 2nd period - Stopped by Calvin Petersen without a rebound.
2:37 of 2nd period - Mikael Backlund wins face-off versus Alex Wennberg in TAMPA BAY Lightning zone.
2:37 of 2nd period - Mikael Backlund is hit by Kyle Palmieri.
2:40 of 2nd period - Anders Lee is hit by T.J. Oshie and loses puck.
2:57 of 2nd period - Shot by T.J. Oshie.
2:57 of 2nd period - Stopped by Calvin Petersen without a rebound.
2:58 of 2nd period - Scott Laughton wins face-off versus Milan Lucic in TAMPA BAY Lightning zone.
3:55 of 2nd period - Tucker Poolman is hit by Mason Marchment and loses puck.
4:10 of 2nd period - Shot by Drake Batherson.
4:10 of 2nd period - Stopped by Calvin Petersen without a rebound.
4:10 of 2nd period - Minor Penalty to Erik Gudbranson for Slashing.
4:11 of 2nd period - Christian Fischer wins face-off versus Kent Johnson in TAMPA BAY Lightning zone.
4:35 of 2nd period - Off-side.
4:36 of 2nd period - Alex Wennberg wins face-off versus Mikael Backlund in neutral zone.
5:33 of 2nd period - Icing by Moritz Seider.
5:34 of 2nd period - Scott Laughton wins face-off versus Alex Wennberg in EDMONTON Oilers zone.
5:37 of 2nd period - Shot by Scott Laughton.
5:37 of 2nd period - Stopped by Adin Hill with a rebound.
5:39 of 2nd period - Shot by Tyson Jost.
5:39 of 2nd period - Shot Misses the Net.
6:25 of 2nd period - Shot by Michael McCarron.
6:25 of 2nd period - Shot Misses the Net.
6:37 of 2nd period - Shot by Nico Sturm.
6:37 of 2nd period - Shot Misses the Net.
6:39 of 2nd period - Shot by Kent Johnson.
6:39 of 2nd period - Shot Blocked by Josh Mahura.
8:26 of 2nd period - Shot by Mikael Backlund.
8:26 of 2nd period - Stopped by Adin Hill without a rebound.
8:27 of 2nd period - Scott Laughton wins face-off versus Dylan Cozens in EDMONTON Oilers zone.
9:40 of 2nd period - Shot by Kent Johnson.
9:40 of 2nd period - Shot Blocked by Erik Gudbranson.
10:23 of 2nd period - Tucker Poolman is hit by Mikael Backlund and loses puck.
10:31 of 2nd period - Milan Lucic is hit by Dylan DeMelo.
10:51 of 2nd period - Shot by Mikael Backlund.
10:51 of 2nd period - Deflect By Eeli Tolvanen.
10:51 of 2nd period - Shot Blocked by Tucker Poolman.
12:04 of 2nd period - Erik Gudbranson is hit by Michal Kempny.
12:13 of 2nd period - Icing by Dylan Cozens.
12:14 of 2nd period - Dylan Cozens wins face-off versus Mikael Backlund in EDMONTON Oilers zone.
12:27 of 2nd period - Shot by Mikael Backlund.
12:27 of 2nd period - Shot Blocked by Michal Kempny.
12:29 of 2nd period - Shot by Dylan DeMelo.
12:29 of 2nd period - Stopped by Adin Hill without a rebound.
12:30 of 2nd period - Nico Sturm wins face-off versus Tyson Jost in EDMONTON Oilers zone.
12:39 of 2nd period - Off-side.
12:40 of 2nd period - Mikael Backlund wins face-off versus Dylan Cozens in neutral zone.
12:40 of 2nd period - Eeli Tolvanen is hit by Owen Tippett and loses puck.
12:50 of 2nd period - Drake Batherson is hit by Chad Ruhwedel and loses puck.
13:07 of 2nd period - Shot by Drake Batherson.
13:07 of 2nd period - Stopped by Calvin Petersen without a rebound.
13:08 of 2nd period - Scott Laughton wins face-off versus T.J. Oshie in TAMPA BAY Lightning zone.
13:34 of 2nd period - Mason Marchment is hit by Alexander Romanov and loses puck.
14:20 of 2nd period - Icing by Owen Tippett.
14:21 of 2nd period - Mikael Backlund wins face-off versus Drake Batherson in EDMONTON Oilers zone.
14:53 of 2nd period - Owen Tippett is hit by Chad Ruhwedel and loses puck.
15:30 of 2nd period - Shot by Tyson Jost.
15:30 of 2nd period - Shot Blocked by Will Butcher.
15:32 of 2nd period - Shot by Nick Ritchie.
15:32 of 2nd period - Shot Misses the Net.
15:51 of 2nd period - Shot by Nick Ritchie.
15:51 of 2nd period - Deflect By Christian Fischer.
15:51 of 2nd period - Stopped by Adin Hill without a rebound.
15:52 of 2nd period - Michael McCarron wins face-off versus Kyle Palmieri in EDMONTON Oilers zone.
16:04 of 2nd period - Nicolas Deslauriers is hit by Moritz Seider.
16:10 of 2nd period - Shot by Dylan DeMelo.
16:10 of 2nd period - Stopped by Adin Hill with a rebound.
16:12 of 2nd period - Shot by Nicolas Deslauriers.
16:12 of 2nd period - Deflect By Michael McCarron.
16:12 of 2nd period - Shot Misses the Net.
16:14 of 2nd period - Shot by Michael McCarron.
16:14 of 2nd period - Stopped by Adin Hill without a rebound.
16:15 of 2nd period - Nico Sturm wins face-off versus Mikael Backlund in EDMONTON Oilers zone.
16:15 of 2nd period - Nico Sturm is hit by Anders Lee.
16:18 of 2nd period - Kent Johnson is hit by Mikael Backlund.
16:23 of 2nd period - Icing by Mikael Backlund.
16:24 of 2nd period - Mikael Backlund wins face-off versus Kyle Palmieri in TAMPA BAY Lightning zone.
16:36 of 2nd period - Alexander Romanov is hit by Erik Gudbranson and loses puck.
16:39 of 2nd period - Shot by Alex Wennberg.
16:39 of 2nd period - Stopped by Calvin Petersen without a rebound.
16:40 of 2nd period - Mason Marchment wins face-off versus Nico Sturm in TAMPA BAY Lightning zone.
18:34 of 2nd period - Shot by Dylan Cozens.
18:34 of 2nd period - Stopped by Calvin Petersen without a rebound.
18:35 of 2nd period - Dylan Cozens wins face-off versus Tyson Jost in TAMPA BAY Lightning zone.
18:49 of 2nd period - Drake Batherson is hit by Robert Hagg.
18:53 of 2nd period - Shot by Drake Batherson.
18:53 of 2nd period - Stopped by Calvin Petersen with a rebound.
18:55 of 2nd period - Shot by Owen Tippett.
18:55 of 2nd period - Shot Blocked by Robert Hagg.
18:57 of 2nd period - Shot by Michal Kempny.
18:57 of 2nd period - Stopped by Calvin Petersen with a rebound.
18:59 of 2nd period - Shot by Dylan Cozens.
18:59 of 2nd period - Shot Blocked by Tyson Jost.
19:01 of 2nd period - Shot by Michal Kempny.
19:01 of 2nd period - Shot Misses the Net.
19:03 of 2nd period - Shot by Drake Batherson.
19:03 of 2nd period - Shot Misses the Net.
19:05 of 2nd period - Shot by Owen Tippett.
19:05 of 2nd period - Shot Misses the Net.
19:06 of 2nd period - Minor Penalty to Robert Hagg for Holding.
19:07 of 2nd period - Mikael Backlund wins face-off versus Kent Johnson in TAMPA BAY Lightning zone.
19:42 of 2nd period - Shot by Tucker Poolman.
19:42 of 2nd period - Stopped by Calvin Petersen with a rebound.
Goals for this period are 0 for EDMONTON Oilers vs 0 for TAMPA BAY Lightning.
Shots for this period are 9 for EDMONTON Oilers vs 7 for TAMPA BAY Lightning.

3rd period


0:01 of 3rd period - Mikael Backlund wins face-off versus Alex Wennberg in neutral zone.
0:24 of 3rd period - Shot by Dylan Cozens.
0:24 of 3rd period - Deflect By Alex Wennberg.
0:24 of 3rd period - Shot Misses the Net.
0:44 of 3rd period - Shot by Scott Laughton.
0:44 of 3rd period - Shot Misses the Net.
1:32 of 3rd period - Shot by Ryan Reaves.
1:32 of 3rd period - Shot Misses the Net.
2:14 of 3rd period - Shot by Tyson Jost.
2:14 of 3rd period - Shot Blocked by Denis Gurianov.
2:33 of 3rd period - Icing by Kent Johnson.
2:34 of 3rd period - Mikael Backlund wins face-off versus Nico Sturm in EDMONTON Oilers zone.
2:52 of 3rd period - Icing by Tucker Poolman.
2:53 of 3rd period - Nico Sturm wins face-off versus Scott Laughton in EDMONTON Oilers zone.
2:55 of 3rd period - Minor Penalty to Nikita Zaitsev for Holding.
2:56 of 3rd period - Mikael Backlund wins face-off versus Owen Tippett in EDMONTON Oilers zone.
3:14 of 3rd period - Icing by Dylan DeMelo.
3:15 of 3rd period - Owen Tippett wins face-off versus Mikael Backlund in TAMPA BAY Lightning zone.
3:23 of 3rd period - Icing by Mikael Backlund.
3:24 of 3rd period - Mikael Backlund wins face-off versus Owen Tippett in TAMPA BAY Lightning zone.
3:49 of 3rd period - Shot by Dylan DeMelo.
3:49 of 3rd period - Shot Misses the Net.
3:51 of 3rd period - Shot by Dylan DeMelo.
3:51 of 3rd period - Stopped by Adin Hill without a rebound.
3:52 of 3rd period - Tyson Jost wins face-off versus Owen Tippett in EDMONTON Oilers zone.
3:55 of 3rd period - Shot by Timothy Liljegren.
3:55 of 3rd period - Stopped by Adin Hill without a rebound.
3:56 of 3rd period - Owen Tippett wins face-off versus Tyson Jost in EDMONTON Oilers zone.
5:02 of 3rd period - Erik Gudbranson is hit by Nikita Zaitsev and loses puck.
5:13 of 3rd period - Shot by Nicolas Deslauriers.
5:13 of 3rd period - Stopped by Adin Hill without a rebound.
5:14 of 3rd period - Nico Sturm wins face-off versus Mikael Backlund in EDMONTON Oilers zone.
5:56 of 3rd period - Moritz Seider is hit by Erik Gudbranson and loses puck.
6:45 of 3rd period - Shot by Dylan Cozens.
6:45 of 3rd period - Deflect By Drake Batherson.
6:45 of 3rd period - Shot Misses the Net.
6:47 of 3rd period - Shot by Dylan Cozens.
6:47 of 3rd period - Shot Misses the Net.
6:49 of 3rd period - Shot by Tucker Poolman.
6:49 of 3rd period - Shot Misses the Net.
6:51 of 3rd period - Shot by Tucker Poolman.
6:51 of 3rd period - Stopped by Calvin Petersen with a rebound.
7:01 of 3rd period - Shot by Owen Tippett.
7:01 of 3rd period - Shot Misses the Net.
7:37 of 3rd period - Shot by Will Butcher.
7:37 of 3rd period - Shot Hit the Post.
8:02 of 3rd period - Alex Wennberg is hit by Timothy Liljegren and loses puck.
8:24 of 3rd period - Icing by Moritz Seider.
8:25 of 3rd period - Mikael Backlund wins face-off versus Milan Lucic in EDMONTON Oilers zone.
8:32 of 3rd period - Shot by Eeli Tolvanen.
8:32 of 3rd period - Goal by Eeli Tolvanen - EDMONTON Oilers : 2 - TAMPA BAY Lightning : 2.
8:33 of 3rd period - Mikael Backlund wins face-off versus Nico Sturm in neutral zone.
8:50 of 3rd period - Shot by Tucker Poolman.
8:50 of 3rd period - Deflect By Kent Johnson.
8:50 of 3rd period - Stopped by Calvin Petersen without a rebound.
8:51 of 3rd period - Scott Laughton wins face-off versus Dylan Cozens in TAMPA BAY Lightning zone.
9:24 of 3rd period - Minor Penalty to Josh Mahura for Interference.
9:24 of 3rd period - Minor Penalty to Owen Tippett for Tripping.
9:25 of 3rd period - T.J. Oshie wins face-off versus Mikael Backlund in TAMPA BAY Lightning zone.
9:49 of 3rd period - Off-side.
9:50 of 3rd period - Eeli Tolvanen wins face-off versus Alex Wennberg in neutral zone.
9:52 of 3rd period - Off-side.
9:53 of 3rd period - Mikael Backlund wins face-off versus Drake Batherson in neutral zone.
11:28 of 3rd period - Shot by Milan Lucic.
11:28 of 3rd period - Stopped by Calvin Petersen without a rebound.
11:29 of 3rd period - Tyson Jost wins face-off versus Leo Komarov in TAMPA BAY Lightning zone.
11:45 of 3rd period - Minor Penalty to Tyson Jost for Slashing.
11:46 of 3rd period - Alex Wennberg wins face-off versus Mikael Backlund in TAMPA BAY Lightning zone.
12:15 of 3rd period - Shot by Alex Wennberg.
12:15 of 3rd period - Stopped by Calvin Petersen without a rebound.
12:16 of 3rd period - Mikael Backlund wins face-off versus Kent Johnson in TAMPA BAY Lightning zone.
12:33 of 3rd period - Shot by Kent Johnson.
12:33 of 3rd period - Stopped by Calvin Petersen without a rebound.
12:34 of 3rd period - Alex Wennberg wins face-off versus Mikael Backlund in TAMPA BAY Lightning zone.
12:35 of 3rd period - Shot by Moritz Seider.
12:35 of 3rd period - Shot Misses the Net.
13:08 of 3rd period - Shot by Moritz Seider.
13:08 of 3rd period - Shot Misses the Net.
13:10 of 3rd period - Shot by Owen Tippett.
13:10 of 3rd period - Stopped by Calvin Petersen without a rebound.
13:11 of 3rd period - Mikael Backlund wins face-off versus Kyle Palmieri in TAMPA BAY Lightning zone.
13:24 of 3rd period - Shot by Kent Johnson.
13:24 of 3rd period - Shot Misses the Net.
13:26 of 3rd period - Shot by Tucker Poolman.
13:26 of 3rd period - Deflect By Drake Batherson.
13:26 of 3rd period - Stopped by Calvin Petersen without a rebound.
13:27 of 3rd period - Mikael Backlund wins face-off versus Drake Batherson in TAMPA BAY Lightning zone.
13:33 of 3rd period - Icing by Kyle Palmieri.
13:34 of 3rd period - Kent Johnson wins face-off versus Mikael Backlund in EDMONTON Oilers zone.
13:48 of 3rd period - Icing by Moritz Seider.
13:49 of 3rd period - Tyson Jost wins face-off versus Leo Komarov in EDMONTON Oilers zone.
15:07 of 3rd period - Shot by Dylan Cozens.
15:07 of 3rd period - Shot Misses the Net.
15:21 of 3rd period - Shot by Dylan Cozens.
15:21 of 3rd period - Shot Misses the Net.
15:23 of 3rd period - Shot by Owen Tippett.
15:23 of 3rd period - Shot Misses the Net.
15:38 of 3rd period - Alex Wennberg is hit by Timothy Liljegren and loses puck.
15:47 of 3rd period - Shot by T.J. Oshie.
15:47 of 3rd period - Deflect By Kyle Palmieri.
15:47 of 3rd period - Stopped by Calvin Petersen without a rebound.
15:48 of 3rd period - Nico Sturm wins face-off versus Anders Lee in TAMPA BAY Lightning zone.
16:20 of 3rd period - Icing by Erik Gudbranson.
16:21 of 3rd period - Alex Wennberg wins face-off versus Mikael Backlund in TAMPA BAY Lightning zone.
17:06 of 3rd period - Shot by Scott Laughton.
17:06 of 3rd period - Deflect By Mason Marchment.
17:06 of 3rd period - Shot Misses the Net.
17:08 of 3rd period - Shot by Brock McGinn.
17:08 of 3rd period - Stopped by Adin Hill without a rebound.
17:09 of 3rd period - Dylan Cozens wins face-off versus Michael McCarron in EDMONTON Oilers zone.
17:13 of 3rd period - Moritz Seider is hit by Robert Hagg.
17:30 of 3rd period - Minor Penalty to Josh Mahura for Cross-checking.
17:31 of 3rd period - Mikael Backlund wins face-off versus Kent Johnson in TAMPA BAY Lightning zone.
17:41 of 3rd period - Kyle Palmieri is hit by Mikael Backlund and loses puck.
17:55 of 3rd period - Shot by Nikita Zaitsev.
17:55 of 3rd period - Stopped by Calvin Petersen without a rebound.
17:56 of 3rd period - Alex Wennberg wins face-off versus Mikael Backlund in TAMPA BAY Lightning zone.
18:03 of 3rd period - Shot by Alexander Romanov.
18:03 of 3rd period - Stopped by Calvin Petersen without a rebound.
18:04 of 3rd period - Alex Wennberg wins face-off versus Mikael Backlund in TAMPA BAY Lightning zone.
18:17 of 3rd period - Tyson Jost is hit by Dylan Cozens and loses puck.
19:31 of 3rd period - Icing by Nikita Zaitsev.
19:32 of 3rd period - Leo Komarov wins face-off versus Michael McCarron in EDMONTON Oilers zone.
19:32 of 3rd period - Milan Lucic is hit by Michael McCarron.
19:33 of 3rd period - Icing by Milan Lucic.
19:34 of 3rd period - Tyson Jost wins face-off versus Leo Komarov in EDMONTON Oilers zone.
19:43 of 3rd period - Shot by Nick Ritchie.
19:43 of 3rd period - Stopped by Adin Hill without a rebound.
19:44 of 3rd period - Christian Fischer wins face-off versus Nico Sturm in EDMONTON Oilers zone.
19:45 of 3rd period - Shot by Tyson Jost.
19:45 of 3rd period - Shot Blocked by Nikita Zaitsev.
Goals for this period are 0 for EDMONTON Oilers vs 1 for TAMPA BAY Lightning.
Shots for this period are 10 for EDMONTON Oilers vs 6 for TAMPA BAY Lightning.

Overtime #1


0:01 of 1st overtime period - Alex Wennberg wins face-off versus Scott Laughton in neutral zone.
0:01 of 1st overtime period - Michal Kempny is hit by Scott Laughton.
0:03 of 1st overtime period - Shot by Alex Wennberg.
0:03 of 1st overtime period - Goal by Alex Wennberg - EDMONTON Oilers : 3 - TAMPA BAY Lightning : 2.
Goals for this period are 1 for EDMONTON Oilers vs 0 for TAMPA BAY Lightning.
Shots for this period are 1 for EDMONTON Oilers vs 0 for TAMPA BAY Lightning. Output by the SimonT Hockey Simulator (STHS) for Martin Benoit - Original Page W3C HTML5 Valid
Hockey Simulator - Hockey Simulation - Hockey Manager